 Dungeon Crawl Stone Soup version 0.31-a0-875-g02e7d12df6 (webtiles) character file.

Game seed: 7328750016335710726

457769 Xavori the Imperceptible (level 24, -2/217 HPs)
             Began as an Octopode Chaos Knight on Oct 13, 2023.
             Was a Favourite Plaything of Xom.
             Slain by a vault guard
             ... wielding a +0 glaive
              (4 damage)
             ... on level 5 of the Vaults.
             The game lasted 01:22:36 (41315 turns).

Xavori the Imperceptible (Octopode Chaos Knight)   Turns: 41315, Time: 01:22:37

Health: -2/217     AC: 39    Str: 10    XL:     24   Next: 42%
Magic:  32/32      EV: 40    Int: 14    God:    Xom [..*...]
Gold:   4995       SH: 29    Dex: 36    Spells: 23/23 levels left

rFire   + + .        a - +9 quick blade (vamp)
rCold   + . .        r - +5 Storm Queen's Shield {shock, Fly rElec}
rNeg    + + +        z - +2 hat "Selan" {Slay+2}
rPois   ∞            H - amulet of reflection
rElec   +            q - ring "Texa" {Contam rF+ rN+++ AC+4}
rCorr   .            B - ring "Nyaty" {rElec rN+}
SInv    .            Q - ring "Tehuh" {rC+ rN+ MP+9}
Will    +....        S - +6 ring of dexterity Stlth *+++++++++
                     C - ring of protection from fire
HPRegen 1.36/turn    d - +6 ring of dexterity
MPRegen 0.23/turn    Z - ring of poison resistance
                     I - ring "Qugit" {rN+ EV+5}

%: reflection
@: about to teleport, statue-form, flying, invisible, unable to drink, very slow
A: slow and powerful, torment resistance 1, boosted hp, almost no armour,
amphibious, 8 rings, camouflage 1, (gelatinous body 1), (nimble swimmer 1),
tentacles, antennae 2, fangs 1, tentacle spike 2, (iridescent scales 1), agile
1, dopey 1, regeneration 1, subdued magic 1, inability to drink after injury 1
}: 2/15 runes: decaying, serpentine
a: Begin Untransformation, Renounce Religion


You were on level 5 of the Vaults.
You worshipped Xom.
You were a toy of Xom.
You were a living statue of rough stone.
You visited 8 branches of the dungeon, and saw 41 of its levels.
You visited the Abyss 2 times.
You also visited: Trove, Sewer, Bailey and Ice Cave.

You collected 8405 gold pieces.
You spent 3410 gold pieces at shops.

Inventory:

Hand Weapons
 a - a +9 vampiric quick blade (weapon)
 G - a +2 quick blade of electrocution
Armour
 r - the +5 Storm Queen's Shield (worn) {shock, Fly rElec}
   (You found it in a treasure trove)

   Shock:     When it blocks an attack, it may electrocute the attacker.
   This works even against foes who are a short distance away.
   rElec:     It insulates you from electricity.
   Fly:       It grants you flight.
 z - the +2 hat "Selan" (worn) {Slay+2}
   (Xom gifted it to you on level 4 of the Snake Pit)

   Slay+2:    It affects your accuracy & damage with ranged weapons and melee
   (+2).
 X - a +7 tower shield of protection
Jewellery
 d - a +6 ring of dexterity (on tentacle)
 k - a +4 ring of protection
 n - the dreamshard necklace {Acrobat *Dream}
   (You found it on level 3 of the Elven Halls)

   [amulet of the acrobat]

   *Dream:    It absorbs a single lethal wound into itself, holding its wearer
   just short of death and releasing dream-creatures to guard them.
   Acrobat:   It increases your evasion while moving and waiting.
 q - the ring "Texa" (left tentacle) {Contam rF+ rN+++ AC+4}
   (You found it on level 3 of the Crypt)

   [ring of protection]

   AC+4:      It affects your AC (+4).
   rF+:       It protects you from fire.
   rN+++:     It renders you almost immune to negative energy.
   Contam:    It causes magical contamination when unequipped.
 B - the ring "Nyaty" (right tentacle) {rElec rN+}
   (You acquired it on level 4 of the Dungeon)

   [ring of positive energy]

   rElec:     It insulates you from electricity.
   rN+:       It protects you from negative energy.
 C - a ring of protection from fire (on tentacle)
 H - an amulet of reflection (around mantle)
 I - the ring "Qugit" (on tentacle) {rN+ EV+5}
   (You bought it in a shop on level 2 of the Snake Pit)

   [ring of evasion]

   EV+5:      It affects your evasion (+5).
   rN+:       It protects you from negative energy.
 K - a ring of flight
 N - a ring of see invisible
 Q - the ring "Tehuh" (on tentacle) {rC+ rN+ MP+9}
   (You found it in a treasure trove)

   [ring of magical power]

   rC+:       It protects you from cold.
   rN+:       It protects you from negative energy.
   MP+9:      It affects your magic capacity (+9).
 S - a +6 ring of dexterity (on tentacle)
 T - an amulet of regeneration
 U - a +6 ring of dexterity
 Z - a ring of poison resistance (on tentacle)
Talismans
 e - a talisman of death
 p - a granite talisman (active)
Wands
 m - a wand of digging (8)
 y - a wand of roots (52)
 A - a wand of quicksilver (51)
 R - a wand of paralysis (46)
 W - a wand of mindburst (18)
Scrolls
 b - 5 scrolls of butterflies
 i - 8 scrolls of fog
 o - 4 scrolls of brand weapon
 s - 4 scrolls of silence
 u - 8 scrolls of revelation
 x - 3 scrolls of teleportation
 D - 6 scrolls of blinking
 O - 6 scrolls of fear
 P - 7 scrolls of immolation
Potions
 c - 24 potions of curing
 f - 7 potions of resistance
 g - 6 potions of haste
 h - 9 potions of mutation
 j - 3 potions of invisibility
 l - 21 potions of heal wounds
 t - 9 potions of ambrosia
 w - 6 potions of cancellation
 E - 8 potions of enlightenment
 F - 4 potions of berserk rage
 J - 8 potions of might
 M - 5 potions of attraction
 V - 4 potions of magic
Miscellaneous
 L - a box of beasts
 Y - a phial of floods


   Skills:
 * Level 14.3 Fighting
 * Level 16.9 Short Blades
 + Level 17.4 Dodging
 + Level 23.3 Stealth
 * Level 18.1 Shields
 - Level 12.6 Evocations
 * Level 20.9 Shapeshifting


You had 23 spell levels left.
You didn't know any spells.
Your spell library contained the following spells:

 Spells                   Type           Power      Damage    Failure   Level
 Foxfire                  Conj/Fire      0%         2x1d4     41%         1
 Kiss of Death            Conj/Necr      0%         2d5       41%         1
 Slow                     Hex            0%         N/A       41%         1
 Summon Small Mammal      Summ           0%         N/A       41%         1
 Blink                    Tloc           0%         N/A       54%         2
 Call Imp                 Summ           0%         N/A       54%         2
 Jinxbite                 Hex            0%         N/A       54%         2
 Lesser Beckoning         Tloc           0%         N/A       54%         2
 Momentum Strike          Conj/Tloc      0%         3d8       54%         2
 Static Discharge         Conj/Air       0%         2-2/arc   54%         2
 Wereblood                Tmut           0%         N/A       54%         2
 Call Canine Familiar     Summ           0%         N/A       80%         3
 Confusing Touch          Hex            0%         N/A       80%         3
 Mephitic Cloud           Conj/Pois/Air  0%         N/A       80%         3
 Sigil of Binding         Hex            0%         N/A       80%         3
 Stone Arrow              Conj/Erth      0%         3d7       80%         3
 Summon Guardian Golem    Hex/Summ       0%         N/A       80%         3
 Vampiric Draining        Necr           0%         2d6       80%         3
 Anguish                  Hex/Necr       0%         N/A       99%         4
 Animate Dead             Necr           0%         N/A       99%         4
 Brom's Barrelling Bould  Conj/Erth      0%         2d3       99%         4
 Cause Fear               Hex            0%         N/A       99%         4
 Passage of Golubria      Tloc           0%         N/A       99%         4
 Petrify                  Tmut/Erth      0%         N/A       99%         4
 Summon Ice Beast         Ice/Summ       0%         N/A       99%         4
 Agony                    Necr           0%         N/A       100%        5
 Alistair's Intoxication  Tmut/Pois      0%         N/A       100%        5
 Borgnjor's Vile Clutch   Necr/Erth      0%         N/A       100%        5
 Fireball                 Conj/Fire      0%         3d3       100%        5
 Irradiate                Conj/Tmut      0%         3d11      100%        5
 Iskenderun's Battlesphe  Conj           0%         2d6       100%        5
 Metabolic Englaciation   Hex/Ice        0%         N/A       100%        5
 Silence                  Hex/Air        0%         N/A       100%        5
 Summon Forest            Summ/Tloc      0%         N/A       100%        5
 Summon Mana Viper        Hex/Summ       0%         N/A       100%        5
 Conjure Ball Lightning   Conj/Air       0%         3x3d6     100%        6
 Death Channel            Necr           0%         N/A       100%        6
 Eringya's Noxious Bog    Tmut/Pois      0%         4d6       100%        6
 Plasma Beam              Fire/Air       0%         2x1d10    100%        6
 Simulacrum               Ice/Necr       0%         N/A       100%        6
 Starburst                Conj/Fire      0%         6d3       100%        6
 Summon Cactus Giant      Summ           0%         N/A       100%        6
 Enfeeble                 Hex            0%         N/A       100%        7
 Malign Gateway           Summ/Tloc      0%         N/A       100%        7
 Monstrous Menagerie      Summ           0%         N/A       100%        7
 Orb of Destruction       Conj           0%         9d5       100%        7
 Infestation              Necr           0%         N/A       100%        8
 Lehudib's Crystal Spear  Conj/Erth      0%         10d2      100%        8
 Summon Horrible Things   Summ           0%         N/A       100%        8
 Dragon's Call            Summ           0%         N/A       100%        9
 Fire Storm               Conj/Fire      0%         5d1       100%        9
 Sublimation of Blood     Necr           Unusable   N/A       N/A         2

Dungeon Overview and Level Annotations

Branches:
Dungeon (15/15)            Temple (0/1) D:7            Lair (5/5) D:9
  Swamp (4/4) Lair:2        Snake (4/4) Lair:3        Slime (0/5) Lair:5
    Orc (2/2) D:11            Elf (3/3) Orc:2        Vaults (5/5) D:13
  Crypt (3/3) Vaults:3       Tomb (0/3) Crypt:3      Depths (0/4) D:15
  Sewer (visited)          Bailey (visited)           IceCv (visited)

Altars:
Ashenzari
Cheibriados
Elyvilon
Fedhas
Gozag
Hepliaklqana
Kikubaaqudgha
Makhleb
Nemelex Xobeh
Okawaru
Qazlal
Sif Muna
Trog
Uskayaw
Wu Jian
Xom
Yredelemnul
Zin
The Shining One
Jiyva

Shops:
D:5 (   D:8 (   D:10 (   D:11 [!*:[   Orc:2 (*=*   Elf:3 (   Snake:1 ?*
Snake:2 :=:   Vaults:3 [   Vaults:4 ((

Portals:
Pandemonium: Orc:2

Annotations:
Lair:3 3 runed translucent doors, exclusion: oklob plant, Dinouf's ghost, adept DsFE; Lout's ghost, journeyman KoHu; Zekheivah's ghost, journeyman MeSh; freelancePsychic's ghost, journeyman GrBr; yetimobile's ghost, journeyman HOFE
Elf:1 2 transporters, mortress's ghost, journeyman DsFE


Innate Abilities, Weirdness & Mutations

You are a living statue of rough stone.
Your actions are slow, but your melee attacks are powerful.
You are resistant to unholy torment.
Your maximum health is greatly increased.
You cannot wear most types of armour.
You are amphibious.
You can wear up to eight rings at the same time.
You are immune to poison.
Your skin changes colour to match your surroundings (Stealth+).
((Your rubbery body absorbs attacks. (AC +1, EV +1)))
((You are camouflaged when in or above water. (Stealth+)))
You have tentacles for arms and can constrict up to eight enemies at once.
You have a pair of antennae on your head.
You have very sharp teeth.
One of your tentacles bears a nasty spike.
((You are partially covered in iridescent scales. (AC +2)))
You are agile. (Dex +4, Str/Int -1)
You are dopey. (Int -2)
Your natural rate of healing is unusually fast.
Your spells are a little easier to cast, but a little less powerful.
You occasionally lose the ability to drink potions when taking damage.


Message History

The bolt barely misses the shadow dragon.
You block the bolt with an invisible shield... and reflect it back!
The bolt hits the shadow dragon!
The air sparks with electricity, shocking the yaktaur!
The wolf spider barely misses you. You block the wolf spider's attack.
The air sparks with electricity, shocking the wolf spider!
You hear a shout!
Unknown command.
Unknown command.
Unknown command.
The orc knight no longer looks unusually strong.
The vault warden misses you. The wolf spider completely misses you.
You block the wolf spider's attack.
The air sparks with electricity, shocking the wolf spider!
The stone giant throws a large rock.
The large rock hits the iron dragon!!
The golden dragon completely misses you.
You block the golden dragon's attack.
The golden dragon completely misses you.
You block the vault guard's attack.
The air sparks with electricity, shocking the vault guard!
The ogre mage gestures wildly while chanting.
The ogre mage flickers and vanishes!
The titan waves its arms in wide circles.
* * * LOW HITPOINT WARNING * * *
The vault warden closely misses you.
You block the phantasmal warrior's attack.
The titan completely misses you.
The shadow dragon completely misses you. x2
You block the shadow dragon's attack.
The yaktaur shoots a bolt.
The bolt hits the titan!!
The iron dragon closely misses you. You block the iron dragon's attack.
The air sparks with electricity, shocking the iron dragon!
The iron dragon completely misses you.
The vault guard hits you from afar with a +0 halberd!
* * * LOW HITPOINT WARNING * * *
Xom roars with laughter!
The wolf spider completely misses you. x2
The vault guard hits you from afar with a +0 glaive.
You die...
Xom chuckles heartily! p

........# #...
.T.#.[..##...
..D.....#... p
........... C
,#........c#####
.....Cp{)coC...
....(uDpDc.....
....oop8C).....
C
....ooWsD)...^.
##...ppDCQ#####
#...Q..Wo... H D
.#{#....#.... o
,#. #....#####..
. #....# .


o D O p #....# , C You could see a shadow dragon, 2 iron dragons, 2 titans, a
golden dragon, a storm dragon (wandering, unable to see you), a green very ugly
thing (wandering, unable to see you), 2 stone giants, 2 vault wardens, 2 tengu
reavers, a yaktaur captain (wandering, unable to see you), 2 vault guards, 2 orc
knights, a wolf spider shaped shifter (unable to see you), a vault sentinel
(strong), a phantasmal warrior, a deep troll earth mage, 2 yaktaurs, a freezing
wraith, 2 orc warriors, a +1 battleaxe of freezing (wandering, unable to see
you), an orc priest (unable to see you) and an orc (strong, unable to see you).

Vanquished Creatures
  A dread lich (Vaults:2)
  Mara (Vaults:3)
  Mennas (Vaults:2)
  Frederick (Vaults:3)
  Margery (Crypt:2)
  the Lernaean hydra (Swamp:4)
  Boris (Crypt:1)
  A curse toe (Crypt:3)
  A profane servitor (Abyss:3)
  Xtahua (Vaults:2)
  Norris (Elf:2)
  2 bone dragons
  Jorgrun (Swamp:3)
  2 hellephants (Vaults:3)
  A tentacled monstrosity (Vaults:4)
  Rupert (Lair:3)
  Asterion (Snake:1)
  3 liches
  A deep elf master archer (Elf:3)
  A deep elf blademaster (Elf:2)
  4 tentacled starspawn
  7 sphinxes
  10 ancient champions
  Aizul (Vaults:3)
  Roxanne (Snake:1)
  2 tengu reavers (Vaults:5)
  Donald (Crypt:1)
  A shadow dragon (Vaults:5)
  A fenstrider witch (Swamp:3)
  A revenant (Crypt:3)
  2 nagarajas
  A daeva (Abyss:3)
  8 vault wardens
  3 deep elf elementalists (Elf:3)
  7 deep elf sorcerers
  2 orc warlords
  15 ironbound preservers
  2 curse skulls
  Louise (Swamp:3)
  A very ugly thing (Vaults:5)
  2 war gargoyles (Vaults:1)
  3 formless jellyfish
  8 ghouls
  8 vampire knights
  3 eleionomae
  A rockslime zombie (Crypt:2)
  10 ironbound thunderhulks
  A deep elf demonologist (Elf:3)
  Nessos (D:13)
  A lorocyproca (Abyss:3)
  7 dire elephants
  A minotaur (shapeshifter) (Vaults:2)
  7 deep elf annihilators (Elf:3)
  Azrael (Snake:1)
  4 bunyips
  10 deep elf death magi
  2 mummy priests (Crypt:3)
  An ettin (Vaults:5)
  7 yaktaur captains
  The ghost of perezv8180 the Grappler, a journeyman TrSh of Okawaru (Orc:1)
  A fire dragon (D:15)
  4 crystal guardians
  11 jiangshi
  5 eidola
  5 deep elf high priests (Elf:3)
  A quicksilver dragon zombie (Crypt:1)
  A fenstrider witch zombie (Crypt:1)
  5 entropy weavers
  7 great orbs of eyes
  A shambling mangrove (Swamp:1)
  A salamander tyrant (Snake:2)
  Harold (Orc:1)
  17 hydras
  A juggernaut simulacrum (Crypt:1)
  4 peacekeepers
  23 vault guards
  An alligator (shapeshifter) (D:13)
  13 centaur warriors
  16 ironbound frosthearts
  A radroach (Swamp:4)
  A ghost crab (Swamp:1)
  A catoblepas (Lair:3)
  3 demonspawn (Orc:2)
  12 alligators
  A two-headed ogre (Elf:1)
  28 dancing weapons
  A spriggan skeleton (Crypt:1)
  10 anacondas
  6 boulder beetles
  2 death knights
  An Orb Guardian skeleton (Crypt:3)
  Urug (D:13)
  13 naga warriors
  A tengu warrior (Swamp:4)
  A death yak (Lair:3)
  3 hell hogs (Abyss:3)
  A thrashing horror (Abyss:3)
  3 vampire magi
  12 naga sharpshooters
  9 shock serpents
  3 soul eaters
  A sun demon (Abyss:3)
  7 orc high priests
  An emperor scorpion zombie (Crypt:2)
  18 hell knights
  2 titan zombies
  Sonja (Orc:1)
  15 deep elf knights
  22 skeletal warriors
  A titan skeleton (Crypt:2)
  6 goliath frogs
  3 skysharks
  A storm dragon skeleton (Vaults:4)
  8 salamander mystics
  A shadow wraith (Crypt:3)
  A wretched star (Abyss:3)
  A bunyip zombie (Crypt:3)
  4 spriggan druids
  55 deep trolls
  2 glowing orange brains
  A shadow demon (Abyss:3)
  2 flayed ghosts
  8 bog bodies
  6 phantasmal warriors (Crypt:2)
  17 lindwurms
  A tengu zombie (Vaults:1)
  8 harpies
  9 deep elf archers
  9 swamp dragons
  18 mana vipers
  12 necromancers
  6 wizards
  10 orc knights
  An alligator zombie (Crypt:3)
  3 naga ritualists
  29 deep elf pyromancers
  16 ironbound convokers
  28 deep elf zephyrmancers
  5 cyclopes
  12 orc sorcerers
  An iron dragon zombie (Crypt:3)
  3 manticores
  A worldbinder (Abyss:3)
  18 salamanders
  Maurice (D:12)
  7 will-o-the-wisps
  5 stone giant skeletons
  28 ugly things
  A centaur zombie (Crypt:1)
  2 naga zombies
  13 naga magi
  8 vault sentinels
  43 black mambas
  7 guardian serpents
  A dire elephant zombie (Crypt:1)
  A smoke demon (Abyss:3)
  10 elephants
  3 centaur skeletons (D:15)
  An ice statue (D:14)
  11 cane toads
  A cane toad (shapeshifter) (D:14)
  2 rime drakes (shapeshifter)
  A rime drake (Lair:2)
  A komodo dragon (shapeshifter) (D:15)
  2 orange demons
  A white draconian zombie (Crypt:2)
  An efreet (D:13)
  A tengu conjurer (Swamp:4)
  5 freezing wraiths
  17 komodo dragons
  A yaktaur skeleton (Vaults:4)
  28 yaktaurs
  2 anaconda simulacra
  5 guardian mummies (Crypt:3)
  A troll (shapeshifter) (D:13)
  A death yak skeleton (Crypt:1)
  A queen bee (D:10)
  2 ancient zymes (Abyss:3)
  A catoblepas skeleton (Crypt:3)
  9 polar bears (Lair:5)
  A bloated husk (Swamp:4)
  9 trolls
  Prince Ribbit (Lair:3)
  Grinder (Sewer)
  A hydra skeleton (Crypt:2)
  A tarantella (Vaults:4)
  6 tyrant leeches
  A blink frog (shapeshifter) (Elf:1)
  A polar bear (shapeshifter) (Elf:3)
  11 raiju
  12 hornets
  14 blink frogs
  A shadow dragon simulacrum (Crypt:2)
  A dream sheep (Lair:3)
  A guardian serpent skeleton (Crypt:2)
  An ettin zombie (Crypt:2)
  25 slime creatures
  A frost giant simulacrum (Vaults:1)
  A jumping spider (shapeshifter) (D:13)
  A centaur simulacrum (D:14)
  Sigmund (D:5)
  14 spriggans
  4 air elementals
  2 ettin skeletons
  6 flying skulls (Abyss:3)
  A black mamba zombie (Crypt:3)
  6 large abominations (Abyss:3)
  A shadow (D:11)
  2 culicivoras
  A naga simulacrum (Crypt:1)
  2 water elementals
  An elf simulacrum (Vaults:1)
  10 wraiths
  2 ynoxinuls (Abyss:3)
  A fire dragon skeleton (Crypt:2)
  11 starcursed masses (Abyss:3)
  An ushabti (Crypt:3)
  2 wyverns
  4 small abominations
  5 fire elementals
  63 yaks
  5 basilisks
  Grum (D:11)
  A neqoxec (Abyss:3)
  8 redbacks
  A wind drake skeleton (Crypt:3)
  A steam dragon (D:8)
  A human simulacrum (Vaults:4)
  Edmund (D:6)
  5 wargs
  5 vampire mosquitoes
  28 nagas
  A hydra simulacrum (Crypt:1)
  A water nymph zombie (Crypt:3)
  19 swamp worms
  2 acid dragons
  14 water moccasins
  19 hell hounds
  A demonspawn skeleton (Crypt:3)
  A glowing shapeshifter skeleton (Vaults:2)
  7 swamp drakes
  13 black bears
  3 ice beasts
  34 orc warriors
  4 ettin simulacra
  3 boggarts (Vaults:1)
  6 ogres
  33 wolves
  15 centaurs
  A fire crab zombie (Crypt:1)
  5 kobold brigands
  2 phantoms
  8 bullfrogs
  4 earth elementals
  4 human zombies
  6 gnoll sergeants
  4 scorpions
  7 necrophages
  8 wights (D:8)
  A polar bear zombie (Crypt:3)
  29 killer bees
  3 electric eels
  A troll skeleton (Crypt:1)
  2 howler monkeys (D:7)
  A crimson imp (Abyss:2)
  A quasit (Sewer)
  24 orc priests
  5 gnoll boudas (Bailey)
  5 hounds
  2 jellies
  4 sleepcaps
  Ijyb (D:5)
  7 hell rats
  7 iguanas
  20 orc wizards
  A boggart skeleton (D:15)
  A tengu skeleton (Crypt:1)
  A mummy (D:6)
  27 gnolls
  A river rat (D:7)
  A swamp drake zombie (Crypt:1)
  12 adders
  3 shadow imps (Sewer)
  2 white imps
  9 ufetubi
  An adder zombie (Sewer)
  An iguana zombie (Crypt:3)
  2 worms
  4 dart slugs
  64 orcs
  4 ball pythons (D:2)
  3 bats
  7 endoplasms
  7 giant cockroaches
  13 goblins
  5 hobgoblins
  5 jackals
  30 kobolds
  2 quokkas
  A ball python zombie (Crypt:2)
  A dart slug zombie (Crypt:1)
  2 frilled lizards
  A rat (D:1)
  A rat skeleton (Crypt:1)
  A butterfly (Lair:1)
  A lurking horror (Abyss:3)
  A starspawn tentacle (Abyss:2)
1846 creatures vanquished.

Vanquished Creatures (collateral kills)
  3 ironbound preservers
  2 vault guards (Vaults:4)
  2 dancing weapons (Elf:2)
  A naga warrior (Snake:3)
  A skeletal warrior (Crypt:1)
  A naga ritualist (Snake:3)
  An elephant (Lair:1)
  A hornet (D:11)
  A slime creature (Vaults:1)
  2 yaks (Lair:1)
  The ghost of lotum the Slasher, an amateur MfGl (D:4)
  2 vampire mosquitoes (D:11)
  A naga (Snake:3)
  A wolf (Bailey)
  A centaur (D:11)
  A gnoll sergeant (Bailey)
  A spriggan skeleton (Crypt:1)
  2 gnoll boudas (Bailey)
  An orc priest (D:4)
  An orc (Orc:1)
27 creatures vanquished.

Vanquished Creatures (others)
  A dread lich (Crypt:2)
  Nikola (Vaults:1)
  A deep elf blademaster (Elf:3)
  A storm dragon (Vaults:5)
  A frost giant (Vaults:5)
  A deep elf sorcerer (Elf:3)
  2 war gargoyles (Vaults:5)
  A deep elf annihilator (Vaults:5)
  A yaktaur captain (Vaults:5)
  A vault guard (Vaults:5)
  An ogre mage (Vaults:5)
  A dancing weapon (Elf:2)
  A deep troll earth mage (Vaults:5)
  2 deep elf knights
  A swamp dragon (Swamp:4)
  2 wizards
  A lindwurm (Vaults:1)
  A deep elf zephyrmancer (Elf:2)
  An ugly thing (Vaults:4)
  A salamander (Snake:4)
  A vault sentinel (Vaults:5)
  A guardian serpent (Snake:4)
  A naga mage (Snake:1)
  An unseen horror (D:13)
  A yaktaur (Vaults:5)
  A bloated husk (Swamp:4)
  2 orc warriors (Vaults:5)
  2 boggarts (Vaults:1)
  10 killer bees (D:10)
  An orc (Vaults:5)
  A butterfly (D:5)
  16 foxfires
  9 starspawn tentacles
70 creatures vanquished.

Grand Total: 1943 creatures vanquished

Notes
Turn   | Place    | Note
-------+----------+-------------------------------------------
     0 | D:1      | Xavori the Octopode Chaos Knight began the quest for the
                  | Orb.
     0 | D:1      | Reached XP level 1. HP: 16/16 MP: 1/1
   239 | D:1      | Reached XP level 2. HP: 21/21 MP: 2/2
   260 | D:1      | XOM: 8-stop teleportation journey
   387 | D:1      | XOM: 1-stop teleportation journey
   489 | D:1      | XOM: scenery: summon butterflies
   746 | D:1      | Reached XP level 3. HP: 19/26 MP: 3/3
   790 | D:1      | XOM: fake destruction
   856 | D:2      | Reached XP level 4. HP: 33/33 MP: 4/4
   939 | D:1      | XOM: cloud trail
  1163 | D:1      | XOM: cloud trail
  1561 | D:1      | XOM is BORED!
  1718 | D:1      | XOM: give mutation
  1718 | D:1      | Gained mutation: Your flesh is heat resistant. (rF+) [Xom's
                  | grace]
  2043 | D:1      | XOM: summons 1 hostile demon
  2515 | D:1      | XOM: god gift: +4 ring of protection
  2545 | D:1      | XOM: god gift: 1027 gold pieces
  2614 | D:1      | XOM: give mutations
  2614 | D:1      | Gained mutation: You are somewhat resistant to further
                  | mutation. [Xom's grace]
  2614 | D:1      | Gained mutation: One of your tentacles bears a spike.
                  | [Xom's grace]
  2614 | D:1      | Gained mutation: You have a pair of small antennae on your
                  | head. [Xom's grace]
  2614 | D:1      | Gained mutation: You are covered in fur. (AC +1) [Xom's
                  | grace]
  2775 | D:1      | XOM: summons 2 hostile demons
  3051 | D:2      | Reached skill level 1 in Stealth
  3240 | D:2      | XOM: god gift: 2 stones
  3296 | D:2      | Reached XP level 5. HP: 37/37 MP: 5/5
  3305 | D:2      | XOM: give mutations
  3305 | D:2      | Lost mutation: You are somewhat resistant to further
                  | mutation. [Xom's grace]
  3305 | D:2      | Gained mutation: You have hidden genetic potential. [Xom's
                  | grace]
  3305 | D:2      | Gained mutation: You are agile. (Dex +4, Str/Int -1) [Xom's
                  | grace]
  3359 | D:2      | Found a white marble altar of Elyvilon.
  3371 | D:2      | Reached skill level 2 in Stealth
  3415 | D:2      | Identified a scroll of acquirement
  3416 | D:2      | Acquired the +7 rapier of Opras {spect, Dex+5}
  3456 | D:3      | Found a hazy altar of Hepliaklqana.
  3618 | D:3      | Found a burning altar of Makhleb.
  3625 | D:3      | Identified the +7 sling of the Loving Pill Bug {freeze,
                  | Int+3}
  3638 | D:3      | Found a shimmering altar of Xom.
  3864 | D:3      | Reached skill level 3 in Stealth
  3877 | D:3      | Reached XP level 6. HP: 43/43 MP: 6/6
  3898 | D:3      | Gained mutation: One of your tentacles bears a nasty spike.
                  | [hidden potential]
  3905 | D:3      | Noticed an ice beast
  3912 | D:3      | Killed an ice beast
  3913 | D:3      | Reached skill level 4 in Stealth
  4010 | D:3      | XOM: cloud trail
  4033 | D:4      | Reached skill level 5 in Stealth
  4113 | D:4      | Found a blossoming altar of Fedhas.
  4144 | D:4      | Found a runed translucent gate.
  4145 | D:4      | Found a runed translucent gate.
  4145 | D:4      | Noticed lotum's ghost (amateur MfGl)
  4146 | D:4      | Found a runed translucent gate.
  4147 | D:4      | Identified the +1 chain mail of Woxajytug {rC+ Dex+3}
  4289 | D:4      | Found a glowing drain.
  4299 | Sewer    | Entered a sewer
  4367 | Sewer    | XOM: scenery: 2 doors open
  4376 | Sewer    | Reached skill level 6 in Stealth
  4376 | Sewer    | Reached XP level 7. HP: 42/48 MP: 7/7
  4381 | Sewer    | Found a burning altar of Makhleb.
  4389 | Sewer    | Gained mutation: You possess an exceptional clarity of
                  | mind. [hidden potential]
  4389 | Sewer    | Lost mutation: You have hidden genetic potential. [hidden
                  | potential expressed]
  4390 | Sewer    | Reached skill level 1 in Shapeshifting
  4483 | Sewer    | Noticed Grinder
  4487 | Sewer    | Paralysed by Grinder for 5 turns
  4494 | Sewer    | Killed Grinder
  4495 | Sewer    | Reached skill level 5 in Short Blades
  4495 | Sewer    | Reached skill level 7 in Stealth
  4596 | D:4      | Reached XP level 8. HP: 54/54 MP: 8/8
  4611 | D:4      | XOM: god gift: staff of death
  5240 | D:4      | XOM: god gift: scroll labelled JIWEOT NANWI {god gift}
  5264 | D:4      | Acquired 701 gold pieces
  5266 | D:4      | Acquired the ring "Nyaty" {rElec rN+}
  5272 | D:3      | Acquired a +4 vampiric quick blade
  5327 | D:4      | HP: 1/54 [orc/bolt (12)]
  5333 | D:4      | Killed lotum's ghost
  5334 | D:4      | Reached skill level 8 in Stealth
  5397 | D:4      | XOM: god gift: battleaxe {god gift}
  5399 | D:4      | XOM: scenery: summon butterflies
  5446 | D:4      | XOM: give mutation
  5446 | D:4      | Gained mutation: You occasionally shout uncontrollably at
                  | your foes. [Xom's mischief]
  5509 | D:5      | Entered Level 5 of the Dungeon
  5637 | D:5      | Found Toacoank's Weapon Shop.
  5682 | D:5      | Found a broken altar of Ashenzari.
  5744 | D:5      | Noticed Sigmund
  5753 | D:5      | Killed Sigmund
  5754 | D:5      | Reached skill level 9 in Stealth
  5922 | D:5      | Reached XP level 9. HP: 60/60 MP: 9/9
  5922 | D:5      | Noticed Ijyb
  5930 | D:5      | Killed Ijyb
  5931 | D:5      | Reached skill level 5 in Fighting
  6067 | D:5      | XOM: polymorph gnoll bouda -> iguana
  6156 | D:5      | XOM: god gift: spear {god gift}
  6158 | D:5      | Found an iron altar of Okawaru.
  6208 | D:5      | Found an ancient bone altar of Kikubaaqudgha.
  6257 | D:5      | Reached skill level 1 in Evocations
  6313 | D:5      | Found a white marble altar of Elyvilon.
  6342 | D:5      | XOM: scenery: 1 doors open
  6384 | D:5      | XOM: god gift: 26 gold pieces
  6399 | D:5      | XOM: give mutations
  6399 | D:5      | Gained mutation: You expend magic power (3 MP) to
                  | strengthen your wands. [Xom's grace]
  6399 | D:5      | Gained mutation: One of your tentacles bears a large
                  | vicious spike. [Xom's grace]
  6399 | D:5      | Gained mutation: You are robust. (+10% HP) [Xom's grace]
  6399 | D:5      | Gained mutation: Your muscles are strong. (Str +4, Int/Dex
                  | -1) [Xom's grace]
  6535 | D:5      | XOM: give mutations
  6535 | D:5      | Gained mutation: You are partially covered in large bone
                  | plates. (SH +4) [Xom's grace]
  6535 | D:5      | Gained mutation: You passively dampen the noise of your
                  | surroundings. [Xom's grace]
  6579 | D:6      | Noticed Edmund
  6581 | D:6      | Killed Edmund
  6723 | D:6      | Found a snail-covered altar of Cheibriados.
  6796 | D:6      | Noticed a troll
  6801 | D:6      | Killed a troll
  6802 | D:6      | Reached skill level 10 in Stealth
  6816 | D:6      | XOM: scenery: 1 doors close
  6952 | D:6      | Found a glowing golden altar of the Shining One.
  7092 | D:6      | XOM: scenery: 1 doors open
  7309 | D:7      | Found an ornate altar of the Wu Jian Council.
  7382 | D:7      | XOM: polymorph howler monkey -> river rat
  7409 | D:7      | XOM: cloud trail
  7421 | D:7      | Found a staircase to the Ecumenical Temple.
  7479 | D:7      | XOM: god gift: wand of roots (7)
  7546 | D:7      | XOM: 1-stop teleportation journey
  7564 | D:7      | XOM: draining
  7570 | D:7      | XOM: summons 4 hostile shadow creatures
  8146 | D:8      | Found Xenlac's Antique Weapon Shop.
  8158 | D:8      | XOM: silly message
  8161 | D:8      | Reached XP level 10. HP: 67/69 MP: 10/10
  8213 | D:8      | Reached skill level 11 in Stealth
  8232 | D:8      | XOM: chaos cloud
  8262 | D:8      | XOM: repel stairs
  8359 | D:8      | XOM: silly message
  8380 | D:8      | XOM: enchant monster (bad)
  8430 | D:8      | Found a hide-covered altar of Uskayaw.
  8599 | D:8      | Reached skill level 1 in Shields
  8601 | D:8      | Reached skill level 5 in Shapeshifting
  8609 | D:8      | Reached skill level 5 in Dodging
  8686 | D:8      | XOM: enchant monster (bad)
  8730 | D:8      | Reached skill level 5 in Evocations
  8740 | D:8      | Reached XP level 11. HP: 61/80 MP: 11/11
  8918 | D:8      | Found an opulent altar of Gozag.
  8954 | D:8      | XOM: give mutation
  8954 | D:8      | Lost mutation: You are robust. (+10% HP) [Xom's mischief]
  8961 | D:8      | XOM: stat loss: -1 Str (13/14)
  8962 | D:8      | XOM: summons 5 hostile demons
  8963 | D:8      | Noticed a sixfirhy
  9030 | D:8      | XOM: summons 2 hostile shadow creatures
  9118 | D:8      | XOM: stat loss: -1 Str (12/14)
  9169 | D:9      | Found a staircase to the Lair.
  9182 | D:9      | XOM: 1-stop teleportation journey
  9209 | D:9      | XOM: enchant monster (bad)
  9540 | D:9      | Reached skill level 12 in Stealth
  9708 | D:9      | Found a basalt altar of Yredelemnul.
  9829 | D:9      | XOM: noise
  9837 | D:9      | XOM: scenery: 1 doors open, 1 doors close
  9975 | D:10     | Entered Level 10 of the Dungeon
  9977 | D:10     | Found Xelepuo's Weapon Emporium.
  9990 | D:10     | Found a flagged portal.
 10000 | Bailey   | Entered a bailey
 10036 | Bailey   | XOM: divination: detect items
 10043 | Bailey   | XOM: divination: magic mapping
 10083 | Bailey   | XOM: enchant monster (bad)
 10397 | Bailey   | XOM: enchant monster (good)
 10504 | Bailey   | XOM: smoke on damage
 10690 | Bailey   | XOM: cleaving
 10704 | Bailey   | XOM: enchant monster (bad)
 10710 | Bailey   | HP: 2/74 [gnoll sergeant/+4 halberd (9)]
 11310 | D:10     | Found a sparkling altar of Nemelex Xobeh.
 11448 | D:10     | XOM: destruction
 11453 | D:10     | XOM: stat loss: -1 Str (13/14)
 11709 | D:10     | Found a glowing silver altar of Zin.
 11761 | D:11     | XOM: cast spell 'Alistair's Intoxication'
 11771 | D:11     | XOM: polymorph yak -> culicivora
 11893 | D:11     | Found Teludik's General Store.
 11894 | D:11     | Found Ofip's Distillery.
 11897 | D:11     | XOM: 5-stop teleportation journey
 11904 | D:11     | XOM: chaos cloud
 11907 | D:11     | Reached skill level 10 in Short Blades
 11908 | D:11     | Paralysed by a hornet for 2 turns
 11916 | D:11     | Found a staircase to the Orcish Mines.
 12029 | D:10     | XOM: give mutations
 12029 | D:10     | Gained mutation: Your spells are a little harder to cast,
                  | but a little more powerful. [Xom's mischief]
 12029 | D:10     | Lost mutation: You occasionally shout uncontrollably at
                  | your foes. [Xom's mischief]
 12109 | D:11     | Found Vuunte's Tiny Tomes.
 12168 | D:11     | Bought a scroll of revelation for 90 gold pieces
 12177 | D:11     | Bought a potion of curing for 48 gold pieces
 12177 | D:11     | Bought a potion of might for 64 gold pieces
 12177 | D:11     | Bought a potion of haste for 160 gold pieces
 12177 | D:11     | Bought a potion of brilliance for 64 gold pieces
 12177 | D:11     | Bought a potion of cancellation for 128 gold pieces
 12177 | D:11     | Bought a potion of degeneration for 16 gold pieces
 12177 | D:11     | Bought a potion of heal wounds for 80 gold pieces
 12177 | D:11     | Bought 2 potions of mutation for 256 gold pieces
 12191 | D:11     | XOM: scenery: summon butterflies
 12194 | D:11     | Noticed Grum
 12195 | D:11     | Found Ossaqatz's Armour Boutique.
 12202 | D:11     | XOM: cast spell 'Alistair's Intoxication'
 12203 | D:11     | XOM: smoke on damage
 12203 | D:11     | Noticed a cyclops
 12207 | D:11     | Noticed a manticore
 12209 | D:11     | XOM: cast spell 'Disjunction'
 12216 | D:11     | XOM: fog
 12220 | D:11     | XOM: enchant monster (good)
 12246 | D:10     | XOM: give mutations
 12246 | D:10     | Gained mutation: You are partially covered in iridescent
                  | scales. (AC +2) [Xom's grace]
 12246 | D:10     | Gained mutation: You are mostly covered in iridescent
                  | scales. (AC +4) [Xom's grace]
 12246 | D:10     | Gained mutation: You have very sharp teeth. [Xom's grace]
 12263 | Lair:1   | Entered Level 1 of the Lair of Beasts
 12292 | Lair:1   | Reached XP level 12. HP: 81/81 MP: 12/12
 12353 | Lair:1   | XOM: summons 2 friendly demons
 12421 | Lair:1   | XOM: smoke on damage
 12824 | Lair:1   | Reached skill level 13 in Stealth
 12826 | Lair:1   | Reached skill level 5 in Shields
 12871 | Lair:1   | XOM: cleaving
 13022 | Lair:1   | XOM: scenery: create altars
 13087 | Lair:1   | Identified the +0 plate armour "Eryssyenia" {Will++ Regen+
                  | Int+5}
 13213 | Lair:2   | XOM: god gift: +0 helmet of intelligence
 13382 | Lair:2   | XOM: cleaving
 13437 | Lair:2   | Found a staircase to the Swamp.
 13555 | Lair:2   | XOM: summons 6 hostile demons
 13860 | Lair:3   | Noticed a five-headed hydra
 13872 | Lair:3   | Reached XP level 13. HP: 77/87 MP: 13/13
 13911 | Lair:3   | Reached skill level 14 in Stealth
 13918 | Lair:3   | XOM: enchant monster (bad)
 13931 | Lair:3   | XOM: swap monsters
 13942 | Lair:3   | XOM: polymorph elephant -> redback
 13964 | Lair:3   | XOM: swap monsters
 13969 | Lair:3   | XOM: polymorph elephant -> lindwurm
 13977 | Lair:3   | XOM: enchant monster (good)
 13979 | Lair:3   | XOM: chaos cloud
 13984 | Lair:3   | XOM: summons friendly ufetubus
 14006 | Lair:3   | XOM: noise
 14042 | Lair:3   | XOM: potion effect (curing)
 14093 | Lair:3   | Found a staircase to the Snake Pit.
 14277 | Lair:3   | Noticed Prince Ribbit
 14288 | Lair:3   | Killed Prince Ribbit
 14367 | Lair:3   | XOM: 2-stop teleportation journey
 14565 | Lair:3   | XOM: scenery: summon butterflies
 14676 | Lair:3   | XOM: draining
 14878 | Lair:3   | Noticed Rupert
 14885 | Lair:3   | Killed Rupert
 15026 | Lair:3   | Found a runed translucent gate.
 15026 | Lair:3   | Found a runed translucent gate.
 15026 | Lair:3   | Found a runed translucent gate.
 15027 | Lair:3   | Noticed Zekheivah's ghost (journeyman MeSh)
 15028 | Lair:3   | Noticed freelancePsychic's ghost (journeyman GrBr)
 15028 | Lair:3   | Noticed yetimobile's ghost (journeyman HOFE)
 15028 | Lair:3   | Noticed Dinouf's ghost (adept DsFE)
 15028 | Lair:3   | Noticed Lout's ghost (journeyman KoHu)
 15059 | Lair:3   | XOM: enchant monster (bad)
 15219 | Lair:3   | XOM: blink monster(s)
 15223 | Lair:3   | Reached skill level 15 in Stealth
 15277 | Lair:3   | Got a graven book
 15389 | Lair:3   | XOM: give mutations
 15389 | Lair:3   | Lost mutation: You are partially covered in large bone
                  | plates. (SH +4) [Xom's mischief]
 15389 | Lair:3   | Lost mutation: One of your tentacles bears a large vicious
                  | spike. [Xom's mischief]
 15389 | Lair:3   | Lost mutation: You are agile. (Dex +4, Str/Int -1) [Xom's
                  | mischief]
 15588 | Lair:4   | You fall into a shaft and drop 1 floor!
 15588 | Lair:5   | Entered Level 5 of the Lair of Beasts
 15608 | Lair:5   | XOM: summons 7 hostile demons
 15846 | Lair:4   | Reached XP level 14. HP: 94/94 MP: 14/14
 15974 | Lair:4   | XOM: 2-stop teleportation journey
 16701 | Lair:5   | Got a well-preserved book
 16732 | Lair:5   | XOM: confuse monster(s)
 16829 | Lair:5   | Found a viscous altar of Jiyva.
 16829 | Lair:5   | Found a staircase to the Slime Pits.
 17044 | Lair:5   | Reached skill level 16 in Stealth
 17052 | Lair:5   | Reached skill level 10 in Evocations
 17195 | Lair:5   | XOM: chaos cloud
 17284 | Lair:5   | Acquired a manual of Dodging
 17291 | Lair:5   | XOM: cast spell 'Summon Small Mammal'
 17300 | Lair:5   | XOM: scenery: create altars
 17492 | Lair:5   | XOM: god gift: 7 stones
 17739 | D:11     | Killed Grum
 17746 | D:11     | XOM: summons friendly white imp
 17776 | D:11     | XOM: summons friendly shadow imp
 17781 | D:11     | XOM: fog
 17998 | D:11     | XOM: give mutations
 17998 | D:11     | Lost mutation: You are covered in fur. (AC +1) [Xom's
                  | mischief]
 17998 | D:11     | Lost mutation: You passively dampen the noise of your
                  | surroundings. [Xom's mischief]
 17998 | D:11     | Lost mutation: You have very sharp teeth. [Xom's mischief]
 18132 | D:11     | Found Hicirr's Distillery.
 18135 | D:11     | Bought a potion of curing for 45 gold pieces
 18135 | D:11     | Bought a potion of might for 60 gold pieces
 18135 | D:11     | Bought a potion of cancellation for 120 gold pieces
 18135 | D:11     | Bought a potion of might for 60 gold pieces
 18135 | D:11     | Bought a potion of might for 60 gold pieces
 18148 | D:11     | Found Duagomyq's Antique Armour Shoppe.
 18163 | Orc:1    | Entered Level 1 of the Orcish Mines
 18207 | Orc:1    | XOM: 1-stop teleportation journey
 18229 | Orc:1    | XOM: swap monsters
 18306 | Orc:1    | Noticed Sonja
 18315 | Orc:1    | Killed Sonja
 18375 | Orc:1    | XOM: summons friendly iron imp
 18385 | Orc:1    | Noticed Harold
 18404 | Orc:1    | Killed Harold
 18583 | Orc:1    | XOM: divination: detect items
 18699 | Orc:1    | Found a runed translucent door.
 18699 | Orc:1    | Found a shimmering altar of Xom.
 18699 | Orc:1    | Noticed perezv8180's ghost (journeyman TrSh)
 18710 | Orc:1    | XOM: enchant monster (bad)
 18792 | Orc:1    | XOM: smoke on damage
 18800 | Orc:1    | XOM: swap monsters
 18806 | Orc:1    | Killed perezv8180's ghost
 19064 | Orc:1    | Got an upside-down book
 19076 | Orc:1    | XOM: summons 6 hostile demons
 19105 | Orc:2    | Entered Level 2 of the Orcish Mines
 19114 | Orc:2    | Found a staircase to the Elven Halls.
 19199 | Orc:2    | Found Fiptol's General Store.
 19199 | Orc:2    | XOM: noise
 19201 | Orc:2    | Found Peinloagg's General Store.
 19237 | Orc:2    | XOM: scenery: summon butterflies
 19466 | Orc:2    | XOM: blink monster(s)
 19568 | Orc:2    | XOM: polymorph orc warrior -> wyvern
 19571 | Orc:2    | Reached XP level 15. HP: 100/100 MP: 15/15
 19656 | Orc:2    | Bought a wand of quicksilver (2) for 109 gold pieces
 19658 | Orc:2    | Bought a wand of quicksilver (3) for 189 gold pieces
 19658 | Orc:2    | Bought a scroll of teleportation for 45 gold pieces
 20083 | Orc:2    | XOM: summons 7 friendly demons
 20085 | Orc:2    | XOM: divination: magic mapping
 20100 | Orc:2    | XOM: scenery: summon butterflies
 20491 | Orc:2    | Reached skill level 10 in Dodging
 20495 | Orc:2    | XOM: give mutations
 20495 | Orc:2    | Lost mutation: Your flesh is heat resistant. (rF+) [Xom's
                  | mischief]
 20495 | Orc:2    | Lost mutation: Your spells are a little harder to cast, but
                  | a little more powerful. [Xom's mischief]
 20517 | Orc:2    | XOM: summons 2 hostile demons
 20524 | Orc:2    | Found Lasede's Jewellery Shop.
 20524 | Orc:2    | Found Tuemnuar's Antique Weapon Boutique.
 20525 | Orc:2    | Found a one-way gate leading to the halls of Pandemonium.
 20554 | Orc:2    | XOM: cast spell 'Alistair's Intoxication'
 20608 | Orc:2    | Bought a +5 ring of evasion for 396 gold pieces
 20609 | Orc:2    | Bought a ring of poison resistance for 220 gold pieces
 20746 | D:12     | XOM: swap monsters
 20927 | D:12     | Noticed Maurice
 20934 | D:12     | Paralysed by Maurice for 3 turns
 20940 | D:12     | Killed Maurice
 20941 | D:12     | Reached skill level 10 in Shapeshifting
 21589 | D:13     | Noticed Nessos
 21595 | D:13     | Killed Nessos
 21794 | D:13     | XOM: draining
 21817 | D:13     | XOM: blink monster(s)
 21832 | D:13     | XOM: potion effect (berserk rage)
 21833 | D:13     | XOM: enchant monster (bad)
 21836 | D:13     | XOM: summons 4 hostile shadow creatures
 22001 | D:13     | XOM: 3-stop teleportation journey
 22047 | D:13     | XOM: chaos cloud
 22050 | D:13     | Noticed Urug
 22078 | D:13     | Killed Urug
 22157 | D:13     | XOM: 7-stop teleportation journey
 22244 | D:13     | XOM: stat loss: -1 Int (14/15)
 22368 | D:13     | Found a gate to the Vaults.
 22368 | D:13     | You fall into a shaft and drop 1 floor!
 22396 | D:14     | Found a shimmering altar of Xom.
 22445 | D:14     | Found a frozen archway.
 22457 | IceCv    | Entered an ice cave
 22462 | IceCv    | Found a transporter.
 22462 | IceCv    | XOM: swap monsters
 22536 | D:14     | XOM: enchant monster (bad)
 22555 | D:14     | XOM: silly message
 22632 | D:14     | XOM: confuse monster(s)
 22863 | D:14     | XOM: give mutations
 22863 | D:14     | Lost mutation: You expend magic power (3 MP) to strengthen
                  | your wands. [Xom's mischief]
 22863 | D:14     | Lost mutation: You possess an exceptional clarity of mind.
                  | [Xom's mischief]
 22863 | D:14     | Lost mutation: Your muscles are strong. (Str +4, Int/Dex
                  | -1) [Xom's mischief]
 22863 | D:14     | Lost mutation: One of your tentacles bears a nasty spike.
                  | [Xom's mischief]
 23185 | D:14     | XOM: draining
 23221 | D:15     | Entered Level 15 of the Dungeon
 23320 | D:15     | Reached skill level 17 in Stealth
 23320 | D:15     | Reached XP level 16. HP: 100/102 MP: 16/16
 23412 | D:15     | XOM: 2-stop teleportation journey
 23557 | D:15     | XOM: smoke on damage
 23622 | D:15     | XOM: 1-stop teleportation journey
 23814 | D:15     | Reached skill level 10 in Shields
 23883 | D:15     | Found a staircase to the Depths.
 24101 | Snake:1  | Entered Level 1 of the Snake Pit
 24119 | Snake:1  | Found a hide-covered altar of Uskayaw.
 24152 | Snake:1  | XOM: divination: detect items
 24216 | Snake:1  | Found Xaifosim's Neck Hole.
 24222 | Snake:1  | XOM: enchant monster (good)
 24253 | Snake:1  | Noticed Azrael
 24255 | Snake:1  | XOM: scenery: create altars
 24258 | Snake:1  | Noticed Roxanne
 24273 | Snake:1  | Killed Azrael
 24279 | Snake:1  | XOM: polymorph salamander -> elephant
 24281 | Snake:1  | XOM: summons 10 friendly demons
 24352 | Snake:1  | Found Qukko's Magic Scroll Shop.
 24357 | Snake:1  | Noticed Asterion
 24370 | Snake:1  | Killed Asterion
 24378 | Snake:1  | Bought a scroll of teleportation for 51 gold pieces
 24378 | Snake:1  | Bought a scroll of identify for 34 gold pieces
 24378 | Snake:1  | Bought a scroll of teleportation for 51 gold pieces
 24378 | Snake:1  | Bought a scroll of identify for 34 gold pieces
 24394 | Snake:1  | XOM: cloud trail
 24578 | Snake:1  | XOM: potion effect (attraction)
 24599 | Snake:1  | Killed Roxanne
 24882 | Snake:2  | Noticed a nagaraja
 24889 | Snake:2  | Killed a nagaraja
 24910 | Snake:2  | XOM: fog
 25020 | Snake:2  | XOM: 5-stop teleportation journey
 25048 | Snake:2  | Identified the staff of Accord {rN+ Int+2 Earth} (Xom
                  | gifted it to you on level 2 of the Snake Pit)
 25048 | Snake:2  | XOM: god gift: staff of Accord {rN+ Int+2 Earth}
 25081 | Snake:2  | XOM: god gift: ring mail {god gift}
 25093 | Snake:2  | XOM: scenery: summon butterflies
 25281 | Snake:2  | XOM: confuse monster(s)
 25304 | Snake:2  | Found a stormy altar of Qazlal.
 25424 | Snake:2  | XOM: destruction
 25433 | Snake:2  | XOM: 11-stop teleportation journey
 25482 | Snake:2  | XOM: fake destruction
 25530 | Snake:2  | XOM: divination: detect creatures
 25540 | Snake:2  | Found Ligrifu Popo's Book Emporium.
 25540 | Snake:2  | Found Ysaich's Jewellery Shop.
 25541 | Snake:2  | Found Veablarch's Book Emporium.
 25548 | Snake:2  | Bought the ring "Qugit" {rN+ EV+5} for 755 gold pieces
 25717 | Snake:3  | XOM: scenery: summon butterflies
 25787 | Snake:3  | Reached XP level 17. HP: 113/113 MP: 17/17
 25968 | Snake:3  | XOM: smoke on damage
 26101 | Snake:3  | Reached skill level 18 in Stealth
 26838 | Snake:4  | Entered Level 4 of the Snake Pit
 26845 | Snake:4  | XOM: enchant monster (bad)
 27013 | Snake:4  | XOM: summons friendly quasit
 27039 | Snake:4  | XOM: scenery: 1 doors close
 27114 | Snake:4  | XOM: confusion (+ monsters)
 27122 | Snake:4  | XOM: swap monsters
 27238 | Snake:4  | XOM: give mutations
 27238 | Snake:4  | Gained mutation: You occasionally lose the ability to drink
                  | potions when taking damage. [Xom's mischief]
 27238 | Snake:4  | Gained mutation: You expend magic power (3 MP) to
                  | strengthen your wands. [Xom's mischief]
 27247 | Snake:4  | XOM: chaos upgrade
 27253 | Snake:4  | XOM: polymorph naga warrior -> shapeshifter
 27262 | Snake:4  | XOM: summons friendly crimson imp
 27338 | Snake:4  | Identified the +2 hat "Selan" {Slay+2} (Xom gifted it to
                  | you on level 4 of the Snake Pit)
 27338 | Snake:4  | XOM: god gift: +2 hat "Selan" {Slay+2}
 27499 | Snake:4  | XOM: scenery: 2 doors open, 1 doors close
 27507 | Snake:4  | XOM: divine lightning
 27523 | Snake:4  | XOM: smoke on damage
 27530 | Snake:4  | XOM: divine lightning
 27554 | Snake:4  | Identified the +9 flail of Causality {protect, *Rage rCorr
                  | Dex+3}
 27576 | Snake:4  | Reached skill level 10 in Fighting
 27594 | Snake:4  | XOM: cleaving
 27596 | Snake:4  | Reached XP level 18. HP: 119/120 MP: 18/18
 27605 | Snake:4  | Got a serpentine rune of Zot
 27874 | Swamp:1  | Entered Level 1 of the Swamp
 28055 | Orc:2    | Bought a ring of ice for 275 gold pieces
 28205 | Lair:1   | XOM: noise
 28361 | Swamp:1  | XOM: confusion (+ monsters)
 28420 | Swamp:1  | XOM: noise
 28613 | Swamp:1  | XOM: confusion (+ monsters)
 28928 | Swamp:2  | XOM: swap monsters
 28932 | Swamp:2  | Reached skill level 19 in Stealth
 29272 | Swamp:2  | XOM: silly message
 29366 | Swamp:2  | XOM: draining
 29391 | Swamp:3  | XOM: stealth player
 29393 | Swamp:3  | Paralysed by a fenstrider witch for 3 turns
 29595 | Swamp:3  | Noticed Louise
 29600 | Swamp:3  | XOM: noise
 29608 | Swamp:3  | Killed Louise
 29609 | Swamp:3  | Reached skill level 15 in Shapeshifting
 29643 | Swamp:3  | XOM: give mutations
 29643 | Swamp:3  | Gained mutation: One of your tentacles bears a nasty spike.
                  | [Xom's grace]
 29643 | Swamp:3  | Gained mutation: You have a pair of antennae on your head.
                  | [Xom's grace]
 29643 | Swamp:3  | Gained mutation: Your natural rate of healing is unusually
                  | fast. [Xom's grace]
 29755 | Swamp:3  | Noticed Jorgrun
 29769 | Swamp:3  | Killed Jorgrun
 29978 | Swamp:3  | XOM: scenery: create altars
 30025 | Swamp:4  | Entered Level 4 of the Swamp
 30112 | Swamp:4  | Identified the +4 fire dragon scales "Ympem" {rF++ rC-
                  | Int+3}
 30136 | Swamp:4  | XOM: give mutations
 30136 | Swamp:4  | Gained mutation: Your system is resistant to poisons.
                  | (rPois) [Xom's grace]
 30136 | Swamp:4  | Gained mutation: You have very sharp teeth. [Xom's grace]
 30229 | Swamp:4  | XOM: smoke on damage
 30393 | Swamp:4  | Reached skill level 20 in Stealth
 30425 | Swamp:4  | XOM: god gift: 52 gold pieces
 30491 | Swamp:4  | XOM: scenery: summon butterflies
 30493 | Swamp:4  | Noticed the 27-headed Lernaean hydra
 30502 | Swamp:4  | HP: 6/122 [the 27-headed Lernaean hydra (9)]
 30504 | Swamp:4  | XOM: polymorph four-headed hydra -> radroach
 30652 | Swamp:4  | Killed the 27-headed Lernaean hydra
 30669 | Swamp:4  | Reached XP level 19. HP: 127/127 MP: 12/19
 30717 | Swamp:4  | XOM: destruction
 30791 | Swamp:4  | XOM: give mutations
 30791 | Swamp:4  | Lost mutation: Your system is resistant to poisons. (rPois)
                  | [Xom's mischief]
 30791 | Swamp:4  | Gained mutation: You are agile. (Dex +4, Str/Int -1) [Xom's
                  | mischief]
 30791 | Swamp:4  | Lost mutation: You expend magic power (3 MP) to strengthen
                  | your wands. [Xom's mischief]
 30818 | Swamp:4  | Got a decaying rune of Zot
 31020 | Orc:2    | XOM: cloud trail
 31022 | Elf:1    | Entered Level 1 of the Elven Halls
 31090 | Elf:1    | Found a bloodstained altar of Trog.
 31090 | Elf:1    | Noticed mortress's ghost (journeyman DsFE)
 31180 | Elf:1    | XOM: polymorph deep elf zephyrmancer -> two-headed ogre
 31220 | Elf:1    | XOM: noise
 31234 | Elf:1    | Reached skill level 15 in Dodging
 31234 | Elf:1    | XOM: enchant monster (bad)
 31237 | Elf:1    | XOM: butterfly on damage
 31308 | Elf:1    | Got a sparkling book
 31377 | Elf:1    | Found a transporter.
 31383 | Elf:1    | Found a transporter.
 31446 | Elf:1    | Identified the +9 dagger "Zihan" {heavy, rCorr}
 31452 | Elf:1    | XOM: blink monster(s)
 31461 | Elf:1    | XOM: confusion (+ monsters)
 31465 | Elf:1    | XOM: swap monsters
 31634 | Elf:1    | XOM: 2-stop teleportation journey
 32084 | Elf:2    | XOM: summons 3 hostile demons
 32093 | Elf:2    | Reached skill level 21 in Stealth
 32101 | Elf:2    | XOM: 3-stop teleportation journey
 32111 | Elf:2    | XOM: chaos upgrade
 32141 | Elf:2    | XOM: enchant monster (bad)
 32183 | Elf:2    | XOM: cast spell 'Death Channel'
 32237 | Elf:2    | Noticed Norris
 32247 | Elf:2    | Killed Norris
 32247 | Elf:2    | XOM: blink monster(s)
 32352 | Elf:2    | Found a runed translucent gate.
 32353 | Elf:2    | Found a runed translucent gate.
 32354 | Elf:2    | Found a runed translucent gate.
 32394 | Elf:2    | XOM: cast spell 'Alistair's Intoxication'
 32510 | Elf:2    | Found a shimmering blue altar of Sif Muna.
 32514 | Elf:2    | XOM: silly message
 32580 | Elf:3    | Entered Level 3 of the Elven Halls
 32751 | Elf:3    | Found Poesk's Weapon Shoppe.
 32863 | Elf:3    | Reached XP level 20. HP: 135/135 MP: 20/20
 32995 | Elf:3    | XOM: enchant monster (good)
 33021 | Elf:3    | XOM: potion effect (haste)
 33120 | Elf:3    | Found the dreamshard necklace {Acrobat *Dream}
 33139 | Elf:3    | Identified the +10 battleaxe "Jellyslayer" {heavy, rPois
                  | SInv}
 33233 | Elf:3    | Found the +3 greatsling "Punk" {acid, rCorr}
 33236 | Elf:3    | Identified the staff "Vujimpu" {rElec rPois Will+ Int+5
                  | Air}
 33334 | Elf:3    | XOM: potion effect (haste)
 33351 | Elf:3    | Got a strange book
 33590 | Elf:3    | XOM: silly message
 33652 | Elf:3    | XOM: divination: detect items
 33873 | Vaults:1 | Entered Level 1 of the Vaults
 33886 | Vaults:1 | XOM: potion effect (might)
 33916 | Vaults:1 | Noticed Nikola
 33923 | Vaults:1 | Killed Nikola
 33999 | Vaults:1 | XOM: divination: magic mapping
 34076 | Vaults:1 | XOM: summons 2 friendly demons
 34129 | Vaults:1 | XOM: enchant monster (good)
 34278 | Vaults:1 | XOM: 1-stop teleportation journey
 34668 | Vaults:1 | XOM: cast spell 'Summon Mana Viper'
 34734 | Vaults:2 | Noticed Xtahua
 34742 | Vaults:2 | Killed Xtahua
 34743 | Vaults:2 | Reached XP level 21. HP: 142/142 MP: 21/21
 34779 | Vaults:2 | XOM: chaos upgrade
 34789 | Vaults:2 | Noticed Mennas
 34791 | Vaults:2 | XOM: confuse monster(s)
 34796 | Vaults:2 | XOM: divination: detect creatures
 34797 | Vaults:2 | Reached skill level 15 in Short Blades
 34813 | Vaults:2 | Killed Mennas
 34822 | Vaults:2 | XOM: summons friendly crimson imp
 34898 | Vaults:2 | Noticed a dread lich
 34910 | Vaults:2 | XOM: fog
 34911 | Vaults:2 | XOM: scenery: 2 doors open
 34914 | Vaults:2 | Paralysed by something for 3 turns
 34916 | Vaults:2 | XOM: destruction
 34920 | Vaults:2 | Killed a dread lich
 35026 | Vaults:2 | XOM: cloud trail
 35033 | Vaults:2 | XOM: cast spell 'Summon Mana Viper'
 35054 | Vaults:2 | XOM: scenery: 1 doors close
 35164 | Vaults:2 | XOM: cast spell 'Alistair's Intoxication'
 35251 | Vaults:2 | XOM: confusion (+ monsters)
 35275 | Vaults:2 | Reached skill level 22 in Stealth
 35277 | Vaults:2 | XOM: summons friendly white imp
 35284 | Vaults:2 | XOM: potion effect (might)
 35753 | Vaults:2 | Found a portal to a secret trove of treasure.
 35777 | Vaults:2 | You paid a toll of 13 scrolls of teleportation to enter a
                  | treasure trove
 35778 | Trove    | Entered a treasure trove
 35783 | Trove    | Found the +5 Storm Queen's Shield {shock, Fly rElec}
 35791 | Trove    | Identified the ring "Tehuh" {rC+ rN+ MP+9}
 35991 | Vaults:3 | Found Lyzar's Armour Emporium.
 36014 | Vaults:3 | XOM: divination: detect creatures
 36088 | Vaults:3 | XOM: potion effect (haste)
 36131 | Vaults:3 | XOM: chaos upgrade
 36158 | Vaults:3 | Noticed Mara
 36162 | Vaults:3 | XOM: divination: detect items
 36173 | Vaults:3 | Killed Mara
 36174 | Vaults:3 | Reached XP level 22. HP: 150/150 MP: 22/22
 36202 | Vaults:3 | XOM: scenery: 1 doors open, 1 doors close
 36220 | Vaults:3 | Noticed Aizul
 36239 | Vaults:3 | Killed Aizul
 36319 | Vaults:3 | Found a staircase to the Crypt.
 36319 | Vaults:3 | Found an ancient bone altar of Kikubaaqudgha.
 36320 | Vaults:3 | Found a basalt altar of Yredelemnul.
 36423 | Vaults:3 | XOM: confuse monster(s)
 36673 | Vaults:3 | Reached skill level 15 in Shields
 36682 | Vaults:3 | Noticed Frederick
 36682 | Vaults:3 | XOM: enchant monster (good)
 36690 | Vaults:3 | Killed Frederick
 36704 | Vaults:3 | XOM: chaos cloud
 36705 | Vaults:3 | Paralysed by you for 4 turns
 36781 | Vaults:3 | Found a huge runed gate.
 36782 | Vaults:3 | Found a huge runed gate.
 36783 | Vaults:3 | Found a huge runed gate.
 36783 | Vaults:3 | Found a huge runed gate.
 36784 | Vaults:3 | Found a huge runed gate.
 36784 | Vaults:3 | Found a huge runed gate.
 36785 | Vaults:3 | Found a huge runed gate.
 36785 | Vaults:3 | Found a huge runed gate.
 36785 | Vaults:3 | Found a huge runed gate.
 36785 | Vaults:3 | Found a huge runed gate.
 36785 | Vaults:3 | Found a huge runed gate.
 36786 | Vaults:3 | Found a huge runed gate.
 36787 | Vaults:3 | Found a huge runed gate.
 36787 | Vaults:3 | Found a huge runed gate.
 36788 | Vaults:3 | Found a huge runed gate.
 36789 | Vaults:3 | Found a huge runed gate.
 36790 | Vaults:3 | Found a huge runed gate.
 36799 | Vaults:3 | Found a huge runed gate.
 36799 | Vaults:3 | Found a huge runed gate.
 36799 | Vaults:3 | Found a huge runed gate.
 36799 | Vaults:3 | Found a huge runed gate.
 36799 | Vaults:3 | Found a huge runed gate.
 36799 | Vaults:3 | Found a huge runed gate.
 36801 | Vaults:3 | Found a huge runed gate.
 36802 | Vaults:3 | Found a huge runed gate.
 36803 | Vaults:3 | Found a huge runed gate.
 36812 | Vaults:3 | Found a huge runed gate.
 36812 | Vaults:3 | Found a huge runed gate.
 36812 | Vaults:3 | Found a huge runed gate.
 36812 | Vaults:3 | Found a huge runed gate.
 36812 | Vaults:3 | Found a huge runed gate.
 36812 | Vaults:3 | Found a huge runed gate.
 36813 | Vaults:3 | Found a huge runed gate.
 36814 | Vaults:3 | Found a huge runed gate.
 36815 | Vaults:3 | Found a huge runed gate.
 36823 | Vaults:3 | Found a huge runed gate.
 36906 | Vaults:3 | Paralysed by a great orb of eyes for 5 turns
 36987 | Vaults:3 | XOM: enchant monster (good)
 37001 | Abyss:2  | XOM: stealth player
 37001 | Abyss:2  | Cast into level 2 of the Abyss (hell knight)
 37039 | Abyss:2  | Found a radiant altar of Vehumet.
 37046 | Abyss:2  | XOM: give mutation
 37046 | Abyss:2  | Lost mutation: You are mostly covered in iridescent scales.
                  | (AC +4) [Xom's mischief]
 37049 | Abyss:2  | XOM: confusion (+ monsters)
 37074 | Abyss:3  | XOM: stealth player
 37314 | Abyss:3  | Noticed a profane servitor
 37323 | Abyss:3  | XOM: swap monsters
 37332 | Abyss:3  | XOM: cast spell 'Summon Ice Beast'
 37332 | Abyss:3  | Paralysed by accursed screaming for 1 turns
 37334 | Abyss:3  | Killed a profane servitor
 37383 | Vaults:3 | Escaped the Abyss
 37384 | Vaults:3 | XOM: confuse monster(s)
 37386 | Vaults:3 | XOM: silly message
 37400 | Vaults:3 | XOM: noise
 37508 | Abyss:3  | Cast into level 3 of the Abyss (a wizard)
 37581 | Abyss:3  | XOM: potion effect (brilliance)
 37583 | Abyss:3  | XOM: enchant monster (bad)
 37624 | Abyss:3  | XOM: silly message
 37651 | Abyss:3  | XOM: noise
 37658 | Abyss:3  | XOM: cast spell 'Cause Fear'
 37669 | Abyss:3  | XOM: noise
 37687 | Vaults:4 | Escaped the Abyss
 37687 | Vaults:4 | XOM: god gift: 25 gold pieces
 37690 | Vaults:4 | XOM: cleaving
 37770 | Vaults:4 | XOM: blink monster(s)
 37874 | Vaults:4 | Found Wiufysus's Antique Weapon Shoppe.
 37995 | Vaults:4 | XOM: 4-stop teleportation journey
 38006 | Vaults:4 | Found Ilim's Weapon Shop.
 38009 | Vaults:4 | XOM: summons 7 friendly demons
 38010 | Vaults:4 | XOM: confuse monster(s)
 38042 | Vaults:4 | XOM: cleaving
 38044 | Vaults:4 | Reached XP level 23. HP: 157/157 MP: 23/23
 38255 | Vaults:4 | XOM: polymorph stone giant -> formless jellyfish
 38540 | Vaults:4 | XOM: divination: detect items
 38642 | Vaults:3 | XOM: torment (170/205 hp)
 38717 | Crypt:1  | Entered Level 1 of the Crypt
 38855 | Crypt:1  | Noticed Donald
 38863 | Crypt:1  | XOM: blink monster(s)
 38864 | Crypt:1  | Killed Donald
 38874 | Crypt:1  | XOM: smoke on damage
 38881 | Crypt:1  | Reached skill level 23 in Stealth
 38902 | Crypt:1  | XOM: stat loss: -1 Str (9/10)
 38955 | Crypt:1  | Noticed Boris
 38961 | Crypt:1  | XOM: enchant monster (good)
 38967 | Crypt:1  | Killed Boris
 39101 | Crypt:1  | Found a glowing golden altar of the Shining One.
 39110 | Crypt:1  | Found a burning altar of Makhleb.
 39229 | Crypt:1  | XOM: cloud trail
 39386 | Crypt:2  | XOM: stealth player
 39386 | Crypt:2  | Noticed Margery
 39400 | Crypt:2  | XOM: enchant monster (good)
 39416 | Crypt:2  | XOM: summons 1 hostile demon
 39417 | Crypt:2  | XOM: summons 3 hostile shadow creatures
 39436 | Crypt:2  | XOM: confusion (+ monsters)
 39444 | Crypt:2  | XOM: enchant monster (bad)
 39446 | Crypt:2  | Killed Margery
 39518 | Crypt:2  | XOM: torment (171/206 hp)
 39591 | Crypt:2  | XOM: 1-stop teleportation journey
 39599 | Crypt:2  | Found a transporter.
 39659 | Crypt:2  | Found a transporter.
 39663 | Crypt:2  | XOM: silly message
 39950 | Crypt:2  | Noticed a dread lich
 39964 | Crypt:2  | Paralysed by a Zot trap for 4 turns
 39968 | Crypt:2  | XOM: enchant monster (bad)
 39977 | Crypt:2  | XOM: summons 2 friendly demons
 39978 | Crypt:2  | Paralysed by something for 2 turns
 39983 | Crypt:2  | XOM: summons friendly quasit
 39985 | Crypt:2  | Paralysed by something for 5 turns
 39988 | Crypt:2  | XOM: polymorph tormentor -> hellion
 39989 | Crypt:2  | Killed a dread lich
 40066 | Crypt:2  | Identified the amulet of Zeerpheul {Spirit Harm rElec
                  | rPois}
 40080 | Crypt:2  | Identified the ring "Heffeown" {Ice *Slow rCorr Dex+5}
 40126 | Crypt:3  | Entered Level 3 of the Crypt
 40178 | Crypt:3  | XOM: divination: magic mapping
 40238 | Crypt:3  | XOM: fog
 40240 | Crypt:3  | XOM: summons friendly ufetubus
 40325 | Crypt:3  | Found a staircase to the Tomb.
 40363 | Crypt:3  | XOM: 8-stop teleportation journey
 40614 | Crypt:3  | XOM: confuse monster(s)
 40628 | Crypt:3  | Reached XP level 24. HP: 166/166 MP: 23/23
 40631 | Crypt:3  | XOM: summons friendly iron imp
 40646 | Crypt:3  | XOM: enchant monster (good)
 40648 | Crypt:3  | XOM: summons friendly quasit
 40654 | Crypt:3  | XOM: summons friendly quasit
 40745 | Crypt:3  | Found a basalt altar of Yredelemnul.
 40748 | Crypt:3  | Noticed a curse toe
 40749 | Crypt:3  | XOM: torment (164/215 hp)
 40755 | Crypt:3  | XOM: swap monsters
 40757 | Crypt:3  | Killed a curse toe
 40800 | Crypt:3  | Found an ancient bone altar of Kikubaaqudgha.
 40813 | Crypt:3  | Identified the ring "Texa" {Contam rF+ rN+++ AC+4}
 40820 | Crypt:3  | Got a loosely-bound book
 40823 | Crypt:3  | Identified the +1 short sword of an ice cave {venom, Int+4}
 40871 | Crypt:3  | Identified the +0 cloak of the Garden {rF+ Str-5 Int+4}
 41017 | Crypt:3  | XOM: summons 1 hostile demon
 41178 | Vaults:3 | XOM: give mutations
 41178 | Vaults:3 | Gained mutation: Your spells are a little easier to cast,
                  | but a little less powerful. [Xom's mischief]
 41178 | Vaults:3 | Gained mutation: You are dopey. (Int -2) [Xom's mischief]
 41243 | Vaults:5 | Entered Level 5 of the Vaults
 41246 | Vaults:5 | XOM: cast spell 'Leda's Liquefaction'
 41247 | Vaults:5 | XOM: cast spell 'Summon Hydra'
 41257 | Vaults:4 | XOM: cast spell 'Summon Hydra'
 41268 | Vaults:5 | XOM: confuse monster(s)
 41282 | Vaults:5 | XOM: divination: detect creatures
 41291 | Vaults:5 | XOM: enchant monster (good)
 41310 | Vaults:5 | Paralysed by something for 3 turns
 41315 | Vaults:5 | HP: 2/217 [vault guard/+0 halberd (16)]
 41315 | Vaults:5 | Slain by a vault guard

Illustrated notes

Levels and vault maps discovered:
D:1:      roderic_dead_forest, layout_loops_ring, serial_forest,
          infiniplex_forest_lined_3, infiniplex_forest_lined_2,
          infiniplex_forest_clump_curved, infiniplex_forest_lined_3_way,
          infiniplex_forest_lined_room_3, minmay_tree_intersection
D:2:      layout_basic, basic_altar, minmay_pentomino_o4
D:3:      layout_basic, dk_xom_monty_hall, makhleb_altar_promises_db,
          nicolae_hepliaklqana_hazy_memory
D:4:      layout_loops_ring, lemuel_doored_altar, biasface_ghost_orc_armoury,
          portal_sewer_entry_d, uniq_crazy_yiuf_cottage
D:5:      minmay_inner_zag, layout_basic, okawaru_trees_1,
          nicolae_elyvilon_peaceful_grove, nicolae_overflow_hidden_temple,
          nicolae_ashenzari_skybound, serial_shops, nicolae_inconvenience_store,
          uniq_sigmund, uniq_ijyb
D:6:      layout_layer_cave, tso_metal_star, slow_altar_1,
          grunt_decor_arrowhead, uniq_edmund
D:7:      layout_gridville, nzn_wu_jian_contemplation,
          minmay_temple_entry_glassed_door
D:8:      layout_basic, pf_just_have_faith, nicolae_uskayaw_dance_studio,
          serial_shops, nicolae_shop_tiny_real_fake_doors
D:9:      layout_irregular_city, mainiacjoe_overflow_catwalk, lair_entry_dummy
D:10:     layout_rooms, mainiacjoe_overflow_tiny_flanked, zin_statuary,
          serial_shops, shop, special_room [special_room_bee], enter_bailey_3
D:11:     layout_loops_cross, orc_0_dummy, serial_glass, glass_columns_a,
          glass_columns_a, serial_shops, nicolae_diamond_shop,
          nicolae_shop_hallway_plus, shop, nicolae_stop_n_shop_1,
          nicolae_shop_tiny_real_fake_doors,
          nicolae_shop_i_like_small_books_too, minmay_misc_feat_columns,
          minmay_stone_trees_small, uniq_grum
D:12:     layout_rooms, serial_co_window_serial, co_window_paths_b,
          co_window_corner_a, co_window_paths_b, co_window_paths_a,
          co_window_cross_1, co_window_broadway_c, co_window_corner_b,
          co_window_paths_c, co_window_unsneaky_path_e,
          co_window_unsneaky_path_b, co_window_cross_2, co_window_2corner,
          glass_columns_a, uniq_maurice
D:13:     layout_stronghold, david_vaults_2, uniq_urug, uniq_nessos
D:14:     layout_irregular_city, portal_ice_cave_entry_ice_statue_one,
          xom_teletrap_fun, grunt_decor_one_mirror
D:15:     grunt_enter_depths_magical_seal, layout_loops_ring,
          minmay_strange_pillars
Lair:1:   layout_roguey, minivault_11, lemuel_fruit_fields
Lair:2:   layout_regular_city, nicolae_swamp_entry_splash_gauntlet
Lair:3:   nzn_winding_woodlands_cross [nzn_winding_woodlands_5x15_default,
          nzn_winding_woodlands_5x15_crooked,
          nzn_winding_woodlands_5x15_longhouse, nzn_winding_woodlands_5x15_eye,
          nzn_winding_woodlands_15x15_thick_spiral], layout_cave_pods,
          dummy_snake_entry, gammafunk_ghost_cemetery, beast_lair_carwin_11,
          uniq_prince_ribbit2, uniq_rupert
Lair:4:   layout_cave_pods
Lair:5:   hangedman_lair_caniforms_friends, layout_loops_ring,
          dpeg_slime_entry_enclosed, grunt_megastairs_4, serial_bayou_shore_a,
          lemuel_fruit_tree
Swamp:1:  layout_falls_marsh, hangedman_swamp_pad, swamp_pool4,
          nicolae_swamp_big_swirl, infiniplex_staircase_pool
Swamp:2:  layout_basic_swamp, evilmike_swamp_ruin_house_3
Swamp:3:  nicolae_swamp_secret_spriggan_hideout, layout_falls_marsh,
          nicolae_swamp_treefoil, swamp_pool2, uniq_jorgrun, uniq_louise
Swamp:4:  swamp_old_school, layout_basic_swamp, kb_tengu_band
Snake:1:  nicolae_snake_attic_fulla_snakes, layout_misc_corridors, basic_altar,
          serial_shops, shop, nicolae_shop_sticking_my_neck_out, uniq_roxanne,
          uniq_azrael, uniq_asterion
Snake:2:  nicolae_snake_crotalidae_crossing, layout_onion, basic_altar,
          minmay_shop_grove
Snake:3:  nrook_guardian_serpent_snake_passage, layout_layer_cave
Snake:4:  snake_pit_salamanders_mu, layout_rooms, serial_bayou_shore_b
Orc:1:    layout_caves, basic_altar, ebering_ghost_xom, uniq_harold, uniq_sonja
Orc:2:    pf_orc_diabolical, layout_diamond_mine, nicolae_orc_rockfall
Elf:1:    eino_elf_arrival_the_gate, layout_gridlike,
          gammafunk_ghost_wrathful_warriors, minmay_elf_sorcery,
          nrook_mini_backslash
Elf:2:    nicolae_elf_blades_splatter_lattice
          [nicolae_blade_entry_sentries_behind_glass], layout_geoelf_octagon,
          basic_altar, uniq_norris
Elf:3:    minmay_elf_hall_spiked, layout_geoelf_castle, serial_shops, shop
Vaults:1: nicolae_vaults_trapezoid_2, v_pattern_2,
          nicolae_vaults_trapezoid_lopsided_3, ontoclasm_vaults_ring_large,
          vaults_room_pool, v_alt_pattern_6, nicolae_vaults_surprise_closet,
          nicolae_vaults_apartment_2, nicolae_vaults_rhombus_6, v_misc_17,
          nicolae_vaults_diamond_2, nicolae_vaults_three_branches,
          layout_vaults_big_cross, uniq_nikola
Vaults:2: ontoclasm_vaults_idyll, nicolae_vaults_security_offices_3,
          hangedman_vaults_locks, v_misc_14, nicolae_vaults_mini_display_case,
          v_rooms_4, nicolae_vaults_little_ls, hangedman_vaults_stagger,
          nicolae_vaults_door_testing_chamber, v_misc_33,
          nicolae_vaults_trapezoid_lopsided_3, nicolae_vaults_tetromino_T_2,
          layout_vaults_omnibox, nicolae_trove_entry_crystal, uniq_mennas,
          uniq_xtahua
Vaults:3: hangedman_vaults_stream, not_door_vault_due, v_alt_pattern_5,
          ontoclasm_vaults_gateway, minmay_crypt_entry_necro_gods,
          nicolae_vaults_six-pack, nicolae_vaults_prndl,
          nicolae_vaults_turnstiles, ontoclasm_vaults_ring_square,
          ontoclasm_vaults_chip, v_misc_12, nicolae_vaults_layer_cake_slice,
          nicolae_vaults_tetromino_T_2, layout_vaults_maze_snakey, serial_shops,
          shop, uniq_aizul, uniq_mara, uniq_frederick
Vaults:4: hangedman_vaults_capsules, vaults_room_stairs_pillars,
          hangedman_vaults_corner_blocks, nicolae_vaults_thirteen_compartments,
          v_misc_2, nicolae_vaults_taking_the_gang_shopping,
          nicolae_vaults_trapezoid_lopsided_4, grunt_vaults_hallway_long,
          v_misc_25, nicolae_vaults_oval_intersection, hangedman_vaults_trim,
          nicolae_vaults_double_plus_2, layout_vaults_big_room, serial_shops,
          nicolae_shop_pleasant_corner_grove
Vaults:5
Crypt:1:  layout_misc_corridors, glass_columns_a, nzn_life_drinkers, uniq_grunn,
          uniq_boris, uniq_donald
Crypt:2:  gammafunk_its_a_trap, layout_rooms, item_on_display_a,
          lemuel_upstairs_altar, uniq_margery
Crypt:3:  lightli_unholy_cathedral, layout_chaotic_city

Skill      XL: |  1  2  3  4  5  6  7  8  9 10 11 12 13 14 15 16 17 18 19 20 21 22 23 24 |
---------------+-------------------------------------------------------------------------+-----
Dodging        | 3 4 5 6 7 8 9 11 12 14 15 16 17 | 17.4
Stealth        | 1 3 6 7 9 10 11 12 13 15 16 17 18 20 21 22 23 | 23.3
Fighting       | 4 5 6 7 8 9 10 11 12 13 14 | 14.3
Short Blades   | 4 5 6 8 9 10 11 12 13 14 15 16 | 16.9
Shapeshifting  | 2 3 4 5 6 7 8 9 10 12 14 15 16 18 19 20 | 20.9
Evocations     | 3 5 6 8 9 10 11 12 | 12.6
Shields        | 1 4 5 6 8 9 10 11 12 13 14 15 17 18 | 18.1

Action                     |  1- 3 |  4- 6 |  7- 9 | 10-12 | 13-15 | 16-18 | 19-21 | 22-24 || total
---------------------------+-------+-------+-------+-------+-------+-------+-------+-------++-------
  Melee: Short sword       |     6 |       |       |       |       |       |       |       ||     6
         Tentacles         |    16 |    10 |    65 |   293 |   716 |   507 |   512 |   804 ||  2923
         Constrict         |    14 |    23 |    46 |    89 |   208 |   115 |   174 |   195 ||   864
         Dagger            |    47 |    43 |       |       |       |       |       |       ||    90
         Kick              |       |    23 |   108 |   473 |  1099 |   817 |   775 |  1224 ||  4519
         Rapier            |       |    46 |    37 |       |       |       |       |       ||    83
         Punch             |       |     1 |     8 |    17 |    41 |    35 |    28 |    51 ||   181
         Quick blade       |       |       |   212 |   967 |  1900 |  1464 |  1294 |  1779 ||  7616
         Bite              |       |       |       |    55 |   217 |    33 |   316 |   456 ||  1077
         Maw               |       |       |       |       |   145 |   726 |    60 |       ||   931
  Evoke: Wand              |       |       |       |     2 |     5 |     3 |       |     2 ||    12
         Box of beasts     |       |       |       |       |     1 |       |       |       ||     1
         Phial of floods   |       |       |       |       |     1 |       |       |       ||     1
    Use: Scroll            |       |     6 |     8 |     8 |    10 |     7 |     7 |     1 ||    47
         Potion            |       |       |       |     3 |       |     1 |     2 |     1 ||     7
   Stab: Sleeping          |       |    26 |    22 |    39 |    60 |    79 |    69 |    52 ||   347
         Distracted        |       |     2 |     2 |     2 |     8 |     9 |    11 |    10 ||    44
         Petrified         |       |       |       |     1 |     2 |       |       |     1 ||     4
         Paralysed         |       |       |       |       |     1 |       |       |       ||     1
         Confused          |       |       |       |       |    10 |     9 |     1 |    11 ||    31
         Invisible         |       |       |       |       |       |       |       |     1 ||     1
         Petrifying        |       |       |       |       |       |       |       |     1 ||     1
 Armour: Skin              |    21 |    34 |    70 |   228 |   284 |   208 |   283 |   345 ||  1473
  Dodge: Dodged            |    25 |    45 |    85 |   304 |   405 |   494 |   662 |   890 ||  2910
  Block: Other             |       |       |     6 |   213 |       |       |       |       ||   219
         Reflection        |       |       |       |     3 |    16 |    56 |    51 |    13 ||   139
         Kite shield       |       |       |       |    32 |   831 |   657 |   813 |  1326 ||  3659
         Tower shield      |       |       |       |       |       |       |   115 |       ||   115
   Form: Maw               |       |       |       |       |     1 |       |       |       ||     1
         Statue            |       |       |       |       |       |       |     1 |       ||     1

Table legend: (Time is in decaauts)
 A = Elapsed time spent in this place.
 B = Non-inter-level travel time spent in this place.
 C = Inter-level travel time spent in this place.
 D = Time resting spent in this place.
 E = Time spent auto-exploring this place.
 F = Levels seen in this place.
 G = Mean time per level.
                   A        B        C        D        E       F      G
               +--------+--------+--------+--------+--------+-----+--------+
         Total |  44489 |  41583 |   2906 |   4857 |  25903 |  48 |  926.9 |
       Dungeon |  14695 |  13994 |    701 |   3066 |   8613 |  15 |  979.7 |
          Lair |   5601 |   5131 |    470 |    432 |   3405 |   5 | 1120.2 |
         Swamp |   2537 |   2390 |    147 |     53 |   1675 |   4 |  634.2 |
     Snake Pit |   3542 |   3266 |    276 |     55 |   2248 |   4 |  885.5 |
  Orcish Mines |   2690 |   2328 |    362 |    670 |   1082 |   2 | 1345.0 |
   Elven Halls |   3663 |   3467 |    196 |      3 |   2350 |   3 | 1221.0 |
        Vaults |   6098 |   5642 |    456 |      4 |   3901 |   5 | 1219.6 |
         Crypt |   3371 |   3077 |    294 |     61 |   1900 |   3 | 1123.7 |
         Abyss |    753 |    753 |      0 |     10 |    232 |   3 |  251.0 |
         Trove |    125 |    125 |      0 |      0 |     36 |   1 |  125.0 |
         Sewer |    255 |    255 |      0 |      0 |    156 |   1 |  255.0 |
        Bailey |   1141 |   1141 |      0 |    500 |    304 |   1 | 1141.0 |
      Ice Cave |     12 |     12 |      0 |      0 |      0 |   1 |   12.0 |
               +--------+--------+--------+--------+--------+-----+--------+

Top non-repeatable levels by time:
     D:1: 2491 daAuts
Vaults:3: 1940 daAuts
  Lair:3: 1667 daAuts
   Orc:2: 1663 daAuts
   Elf:3: 1645 daAuts
Vaults:2: 1513 daAuts
Vaults:4: 1400 daAuts
 Crypt:3: 1299 daAuts
     D:4: 1218 daAuts
Vaults:1: 1195 daAuts
  Lair:5: 1189 daAuts
 Snake:3: 1170 daAuts
  Bailey: 1141 daAuts
   Elf:1: 1063 daAuts
     D:5: 1063 daAuts
